 Dungeon Crawl Stone Soup version 0.31-a0-217-g58bb5d79cf (webtiles) character file.

Game seed: 15446202511172699344

79 qw the Shooter (level 4, 0/36 HPs)
             Began as a Minotaur Hexslinger on July 2, 2023.
             Slain by a goblin
             ... wielding a +0 club
             ... led by Robin
              (5 damage)
             ... on level 2 of the Dungeon.
             The game lasted 00:00:30 (1286 turns).

qw the Shooter (Minotaur Hexslinger)                Turns: 1286, Time: 00:00:31

Health: 0/36       AC:  3    Str: 12    XL:     4   Next: 16%
Magic:  4/4        EV: 12    Int: 10    God:
Gold:   37         SH:  0    Dex: 15    Spells: 4/5 levels left

rFire   . . .        a - +1 sling
rCold   . . .        (no shield)
rNeg    . . .        d - +0 leather armour
rPois   .            (helmet restricted)
rElec   .            (no cloak)
rCorr   .            (no gloves)
SInv    .            (no boots)
Will    .....        (no amulet)
Stlth   +            (no ring)
HPRegen 0.26/turn    (no ring)
MPRegen 0.09/turn

%: no passive effects
@: no status effects
A: horns 2, retaliatory headbutt
a: no special abilities


You were on level 2 of the Dungeon.
You visited 1 branch of the dungeon, and saw 2 of its levels.

You collected 37 gold pieces.


Innate Abilities, Weirdness & Mutations

You have a pair of horns on your head.
You reflexively headbutt those who attack you in melee.


   Skills:
 - Level 2.0 Fighting
 + Level 4.7 Ranged Weapons
 - Level 2.1 Dodging
 - Level 1.0 Spellcasting
 - Level 2.0 Hexes


You had 4 spell levels left.
You knew the following spells:

 Your Spells              Type           Power      Damage    Failure   Level
a - Slow                  Hex            16%        N/A       19%         1

Your spell library contained the following spells:

 Spells                   Type           Power      Damage    Failure   Level
 Inner Flame              Hex/Fire       2%         N/A       65%         3
 Portal Projectile        Hex/Tloc       4%         N/A       65%         3
 Cause Fear               Hex            2%         N/A       88%         4

Inventory:

Hand Weapons
 a - a +1 sling (weapon)
Armour
 d - a +0 leather armour (worn)
Jewellery
 b - a ring of protection from cold
Potions
 c - a potion of curing {unknown}
 e - a potion of brilliance {unknown}
 f - a potion of haste {unknown}

Dungeon Overview and Level Annotations

Branches:
Dungeon (2/15)

Altars:

Annotations:
D:2 Robin


Message History

You kill the goblin!
The goblin closely misses you.
The goblin shoots a sling bullet.
The sling bullet closely misses you. The goblin hits you with a +0 club.
You shoot a sling bullet.
The sling bullet closely misses the goblin.
The goblin hits you but does no damage.
The goblin shoots a sling bullet.
The sling bullet barely misses you. The goblin hits you with a +0 club.
The goblin hits you with a +0 dagger.
You hear a shout!
You shoot a sling bullet. The sling bullet hits the goblin.
You kill the goblin!
The goblin shoots a sling bullet.
The sling bullet barely misses you.
An endoplasm comes into view.
The goblin hits you with a +0 dagger.
The goblin shoots a sling bullet.
The sling bullet hits you.
You shoot a sling bullet. The sling bullet hits the goblin!
You kill the goblin!
Robin roars a battlecry!
The goblin goes into a battle-frenzy!
The goblin shoots a sling bullet.
The sling bullet hits you.
You shoot a sling bullet. The sling bullet hits the goblin.
You kill the goblin!
A goblin comes into view. It is wielding a +0 club.
1282 ||| Stepping ~*~*~tactically~*~*~ (outnumbered).
Things that are here:
a +0 club; a +0 sling; a goblin corpse You shoot a sling bullet.
The sling bullet barely misses the goblin.
You shoot a sling bullet.
The sling bullet closely misses the goblin.
The sling bullet hits the endoplasm.
The endoplasm is severely wounded.
The goblin hits you with a +0 club. The goblin closely misses you.
You shoot a sling bullet. The sling bullet hits the endoplasm.
You kill the endoplasm!
The goblin misses you.
You shoot a sling bullet.
The sling bullet barely misses the goblin.
The goblin hits you with a +0 club.
You die...

................)#..
#
##..####.........gg
####..##.........).g
#........#.........
#¤##..####......g.
¤.##.......###....
.....#####.# #).## #
¤.#### #.# #gg####.#
#.# #.# #).@....#
..# .# ##.#.#### #.#
#..#.## #.# #.###.#
#.# ##.#.## #.#
##.## #.### #.#
#...# #.# ###.####
######.#


You could see Robin and a goblin (strong).

Vanquished Creatures
  2 adders (D:2)
  A dart slug (D:1)
  4 ball pythons (D:1)
  3 bats (D:1)
  7 endoplasms
  12 goblins
  3 hobgoblins
  8 jackals (D:1)
  2 kobolds (D:1)
  A quokka (D:1)
  2 frilled lizards (D:1)
  5 rats (D:1)
50 creatures vanquished.

Notes
Turn   | Place    | Note
-------+----------+-------------------------------------------
     0 | D:1      | qw the Minotaur Hexslinger began the quest for the Orb.
     0 | D:1      | Reached XP level 1. HP: 16/16 MP: 1/1
     0 | D:1      | 0 ||| qw: Version: 0.3-a-40-ge99b1a8
     0 | D:1      | 0 ||| qw: Game counter: 80
     0 | D:1      | 0 ||| qw: Melee chars always use a shield: true
     0 | D:1      | 0 ||| qw: God list: Okawaru
     0 | D:1      | 0 ||| qw: Allow faded altars: false
     0 | D:1      | 0 ||| qw: Do Orc after clearing Dungeon:15 true
     0 | D:1      | 0 ||| qw: Do second Lair branch before Depths: true
     0 | D:1      | 0 ||| qw: Lair rune preference: random
     0 | D:1      | 0 ||| qw: Goals: Normal
     0 | D:1      | 0 ||| PLANNING D:1-11
   215 | D:1      | Reached skill level 3 in Ranged Weapons
   215 | D:1      | Reached XP level 2. HP: 18/23 MP: 2/2
   364 | D:1      | 364 ||| FLEEEEING.
   512 | D:1      | Reached XP level 3. HP: 29/29 MP: 3/3
  1039 | D:1      | 1039 ||| UPGRADING to +0 leather armour.
  1049 | D:1      | 1049 ||| DROPPING +0 robe.
  1050 | D:1      | 1050 ||| DROPPING scroll of poison.
  1074 | D:2      | Reached skill level 4 in Ranged Weapons
  1197 | D:2      | Found a faded altar of an unknown god.
  1264 | D:2      | Reached XP level 4. HP: 36/36 MP: 4/4
  1266 | D:2      | Noticed Robin
  1267 | D:2      | 1267 ||| Stepping ~*~*~tactically~*~*~ (outnumbered).
  1279 | D:2      | HP: 9/36 [goblin/sling bullet[Robin] (5)]
  1282 | D:2      | 1282 ||| Stepping ~*~*~tactically~*~*~ (outnumbered).
  1284 | D:2      | HP: 4/36 [goblin/+0 club[Robin] (3)]
  1286 | D:2      | Slain by a goblin

Levels and vault maps discovered:
D:1:      eino_arrival_cavern_a, layout_basic
D:2:      cheibrodos_greedy_goblins, layout_loops_cross,
          ebering_ecumenical_altar_mist, uniq_robin, uniq_natasha

Skill      XL: |  1  2  3 |
---------------+----------+-----
Ranged Weapons | 3 4 |  4.7
Fighting       | 2 |  2.0
Dodging        | |  2.1
Spellcasting   | |  1.0
Hexes          | |  2.0

Action                     |  1- 3 |  4- 6 || total
---------------------------+-------+-------++-------
   Fire: Sling             |   110 |    21 ||   131
 Armour: Robe              |     5 |       ||     5
         Leather armour    |     1 |     3 ||     4
  Dodge: Dodged            |    42 |    10 ||    52

Table legend:
 A = Non-vault XP
 B = Vault XP
 C = Vault XP percentage of total XP
 D = Non-vault monster count
 E = Vault monster count
 F = Vault count percentage of total count
                 A         B        C        D         E       F
            +---------+---------+-------+---------+---------+-------
      Total |      96 |      17 |  15.0 |      41 |       9 |  18.0
            +---------+---------+-------+---------+---------+-------
        D:1 |      60 |       0 |   0.0 |      34 |       0 |   0.0
        D:2 |      36 |      17 |  32.1 |       7 |       9 |  56.2
            +---------+---------+-------+---------+---------+-------
